AoeStats
← Tchitchi d'Afflelou

Black Forest

509611935Analyzed
4v4 RM · 6d ago on Sep 27, 2026· 48m 39s· 8 players
Game mode
Random Map
Map size
Large (8 player)
Population
200
Speed
Normal
Resources
Standard
Victory
Conquest
Starting age
Dark Age
Ending age
Imperial Age
RankedLock teamsTeams togetherTeam positionsShared explorationLock speedFull tech treeHidden civsTurbo modeCheats
Victory
Defeat
🇫🇷 Saracens · France
1427
+13
🇮🇹 Byzantines · Italy
1354
+16
🇷🇺 Persians · Russia
1333
+17
🇮🇹 Gurjaras · Italy
1301
+18
🇮🇳 Spanish · India
1413
-17
🇨🇳 Bohemians · China
1374
-17
🇫🇷 Magyars · France
1334
-15
🇪🇸 Wu · Spain
1321
-15
23
0:58 Loom
10:52 Feudal Age
11:52 Double-Bit Axe
26:23 Castle Age
27:36 Bow Saw
27:08 Horse Collar
27:20 Gold Mining
29:10 Heavy Plow
38:29 Imperial Age
37:15 Inquisition
38:20 Caravan
39:15 Wheelbarrow
40:10 Chemistry
39:48 Block Printing
39:58 Sanctity
39:48 Fervor
40:51 Illumination
40:33 Fletching
41:12 Redemption
41:40 Theocracy
rookie
10:41 Feudal Age
16:14 Castle Age
14:35 Double-Bit Axe
14:32 Horse Collar
17:15 Bow Saw
18:17 Heavy Plow
20:21 Loom
24:42 Wheelbarrow
29:32 Imperial Age
28:31 Chemistry
28:05 Hand Cart
28:26 Scale Mail Armor
28:36 Forging
29:20 Masonry
29:06 Town Watch
29:54 Pikeman
31:16 Chain Mail Armor
31:37 Iron Casting
33:25 Plate Mail Armor
32:18 Halberdier
33:01 Squires
34:54 Conscription
39:04 Elite Hussite Wagon
43:27 Two-Man Saw
42:11 Houfnice
43:29 Elite Skirmisher
45:51 Blast Furnace
44:41 Fletching
44:52 Padded Archer Armor
Cris Jr.
1:47 Loom
11:58 Feudal Age
13:46 Double-Bit Axe
16:56 Castle Age
16:30 Stone Mining
16:25 Horse Collar
19:40 Bow Saw
21:38 Heavy Plow
22:46 Gold Mining
24:19 Wheelbarrow
26:03 Stone Shaft Mining
26:06 Ballistics
26:33 Hand Cart
26:42 Fletching
27:50 Town Watch
31:45 Imperial Age
30:05 Town Patrol
30:52 Bodkin Arrow
30:58 Padded Archer Armor
32:15 Gold Shaft Mining
33:01 Conscription
33:52 Chemistry
32:55 Bracer
33:11 Leather Archer Armor
33:10 Elite Fire Archer
35:37 Two-Man Saw
37:27 Red Cliffs Tactics
37:35 Red Cliffs Tactics
Baladin
12:14 Feudal Age
15:39 Loom
18:42 Castle Age
18:38 Horse Collar
18:44 Double-Bit Axe
30:18 Wheelbarrow
31:03 Pikeman
32:24 Ballistics
36:39 Fletching
41:38 Imperial Age
39:38 Bodkin Arrow
42:14 Padded Archer Armor
42:58 Parthian Tactics
43:42 Bloodlines
43:32 Husbandry
44:33 Thumb Ring
44:48 Light Cavalry
Tchitchi d'Afflelou
7:11 Loom
9:22 Feudal Age
10:29 Double-Bit Axe
21:02 Wheelbarrow
20:30 Scale Mail Armor
20:21 Fletching
23:29 Town Watch
24:01 Gold Mining
24:17 Padded Archer Armor
24:29 Horse Collar
32:39 Castle Age
33:14 Elite Skirmisher
34:00 Thumb Ring
34:01 Bodkin Arrow
34:23 Leather Archer Armor
35:40 Hand Cart
38:35 Heavy Plow
39:55 Gold Shaft Mining
39:11 Stone Mining
48:16 Guard Tower
leoverosoad
5:05 Loom
11:11 Feudal Age
11:18 Feudal Age
15:28 Castle Age
13:26 Double-Bit Axe
13:43 Horse Collar
14:54 Gold Mining
17:15 Bloodlines
18:44 Wheelbarrow
18:36 Bow Saw
26:40 Imperial Age
25:03 Scale Barding Armor
25:00 Husbandry
26:01 Hand Cart
26:11 Chain Barding Armor
27:21 Forging
26:46 Heavy Camel Rider
28:26 Plate Barding Armor
28:45 Iron Casting
28:29 Heavy Plow
34:20 Gold Shaft Mining
34:18 Fletching
40:36 Caravan
40:25 Light Cavalry
41:12 Hussar
HSL | ilBuonFabio
11:30 Feudal Age
15:07 Castle Age
13:17 Double-Bit Axe
14:25 Horse Collar
22:57 Wheelbarrow
23:39 Gold Mining
24:22 Bow Saw
26:50 Imperial Age
24:57 Hand Cart
25:49 Padded Archer Armor
26:31 Gold Shaft Mining
27:28 Leather Archer Armor
26:53 Onager
28:38 Chemistry
29:06 Two-Man Saw
28:58 Gold Shaft Mining
29:16 Ring Archer Armor
31:09 Loom
32:03 Heavy Plow
32:53 Stone Mining
34:03 Capped Ram
34:42 Fletching
35:47 Hoardings
35:36 Conscription
35:12 Treadmill Crane
35:17 Elite Skirmisher
35:53 Bodkin Arrow
36:27 Ballistics
36:24 Thumb Ring
37:11 Bracer
38:49 Stone Shaft Mining
41:37 Logistica
41:30 Greek Fire
41:10 Siege Ram
43:03 Bombard Tower
42:29 Arrowslits
43:35 Caravan
max_paynich
0:31 Loom
11:17 Feudal Age
11:34 Horse Collar
11:41 Double-Bit Axe
17:20 Castle Age
16:56 Forging
26:57 Bloodlines
26:48 Husbandry
26:57 Scale Barding Armor
27:51 Wheelbarrow
27:01 Town Watch
30:39 Hand Cart
31:49 Gold Mining
32:01 Heavy Plow
32:13 Bow Saw
32:56 Fervor
36:24 Iron Casting
36:13 Chain Barding Armor
38:25 Imperial Age
38:17 Ballistics
39:03 Conscription
38:35 Cavalier
39:26 Light Cavalry
40:09 Stone Mining
41:09 Gold Shaft Mining
41:59 Savar
45:37 Devotion
47:43 Plate Barding Armor
48:08 Blast Furnace
Connection lost

Rejoining the realm…

Still unreachable

The connection could not be restored.

Session expired

The server has moved on; the page needs a fresh start.